 Dungeon Crawl Stone Soup version 0.27.1-3-gb3d3a73c9e (webtiles) character file.

Game seed: 1573346766755297488

392 styxcanada the Covert (level 6, -1/32 HPs)
             Began as a Spriggan Brigand on Oct 30, 2021.
             Was an Initiate of Gozag.
             Hit by a stone thrown by Edmund (5 damage)
             ... on level 4 of the Dungeon.
             The game lasted 00:18:55 (4779 turns).

styxcanada the Covert (Spriggan Brigand)            Turns: 4779, Time: 00:18:56

Health: -1/32      AC:  4    Str:  7    XL:     6   Next: 51%
Magic:  7/7        EV: 19    Int: 12    God:    Gozag
Gold:   79         SH:  0    Dex: 19    Spells: 5/5 levels left

rFire    . . .     SeeInvis +   a - +2 dagger
rCold    . . .     Faith    .   (shield restricted)
rNeg     . . .     Spirit   .   b - +0 robe
rPois    .         Reflect  .   i - +1 hat
rElec    .         Harm     .   c - +0 cloak
rCorr    .         Rampage  .   (gloves unavailable)
Will     +....                  (boots unavailable)
Stlth    ++++......             (no amulet)
HPRegen  0.10/turn              (no ring)
MPRegen  0.10/turn              (no ring)

@: gold aura, very quick
A: very small, no large weapons, unfitting armour, see invisible, speed 3
a: Renounce Religion, Potion Petition, Call Merchant, Bribe Branch


You were on level 4 of the Dungeon.
You worshipped Gozag.
Gozag was noncommittal.
You visited 2 branches of the dungeon, and saw 5 of its levels.

You collected 261 gold pieces.
You spent 104 gold pieces at shops.
You paid 78 gold pieces to Gozag.

Inventory:

Hand Weapons
 a - a +2 dagger (weapon)
Missiles
 f - 107 stones (quivered)
 g - 4 boomerangs
 n - 25 sling bullets
Armour
 b - a +0 robe (worn)
 c - a +0 cloak (worn)
 i - a +1 hat (worn)
Scrolls
 r - a scroll of teleportation
 s - a scroll of vulnerability {unknown}
 t - a scroll of fear {unknown}
Potions
 d - a potion of resistance {unknown}
 h - a potion of brilliance
 l - 2 potions of flight
 p - 2 potions of curing
 q - a potion of berserk rage


   Skills:
 * Level 2.5 Fighting
 + Level 3.3 Short Blades
 + Level 3.2 Throwing
 * Level 3.9 Dodging
 * Level 8.8 Stealth


You had 5 spell levels left.
You didn't know any spells.
Your spell library contained the following spells:

 Spells                   Type           Power      Damage    Failure   Level
 Pain                     Necr           0%         1d4       32%         1
 Agony                    Necr           0%         N/A       100%        5
 Excruciating Wounds      Necr           0%         N/A       100%        5


Dungeon Overview and Level Annotations

Branches:
Dungeon (4/15)             Temple (1/1) D:4

Altars:
Cheibriados
Dithmenos
Elyvilon
Fedhas
Gozag
Hepliaklqana
Makhleb
Ru
Uskayaw
Vehumet
Wu Jian
Xom
Zin
The Shining One

Shops:
D:2 *   D:3 (

Annotations:
D:4 Edmund


Innate Abilities, Weirdness & Mutations

You are very small and have problems with some larger weapons.
You are too small for most types of armour.
You have supernaturally acute eyesight. (SInv)
You cover ground extremely quickly. (Speed+++)


Message History

You throw a curare-tipped dart.
The curare-tipped dart closely misses Edmund.
Edmund throws a stone.
The stone hits you.
* * * LOW HITPOINT WARNING * * *
Found a dagger.
Found a stone staircase leading up.
A dart slug comes into view.
A hound is nearby!
The dart slug launches a dart at you. The slug dart misses you.
Found an ornate altar of the Wu Jian Council.
The dart slug launches a dart at you. The slug dart hits you.
* * * LOW HITPOINT WARNING * * *
Found a war axe.
You hit the dart slug.
The dart slug is lightly wounded.
Edmund drinks a potion.
Edmund is healed!
The dart slug misses you.
You hit the dart slug.
The dart slug is moderately wounded.
You hit the dart slug.
The dart slug is heavily wounded.
The dart slug completely misses you.
You hit the dart slug but do no damage.
The dart slug is heavily wounded.
Edmund throws a stone.
The stone completely misses you.
You hit the dart slug.
The dart slug is almost dead.
The dart slug launches a dart at you. The slug dart hits you.
* * * LOW HITPOINT WARNING * * *
You hit the dart slug but do no damage.
The dart slug is almost dead.
You hit the dart slug.
You kill the dart slug!
A black bear comes into view.
Edmund throws a stone.
The stone barely misses you.
There is a stone staircase leading up here.
Edmund throws a stone.
The stone hits you.
You die...
Your body crumbles into a pile of gold.

#.............h....
##......###.......
.##......###.......
...................
###......###.......
#.....@..# ......
##..>.....###...###
##...$............#
#...@....##.##....#
#...##..##.....# #.
#.h. #..)........
#... ##......≈≈...
... #..##..≈≈... ..
...# ....... . ....
...... ......_..≈≈


You could see Edmund (poisoned) and a black bear (asleep).

Vanquished Creatures
  An ogre (D:4)
  A scorpion (D:4)
  A hound (D:4)
  An orc priest (D:3)
  2 orc wizards
  3 gnolls (D:3)
  2 adders
  3 worms
  3 dart slugs
  12 orcs
  5 ball pythons
  6 bats
  8 endoplasms
  3 giant cockroaches (D:1)
  2 goblins
  6 hobgoblins
  7 jackals
  2 kobolds (D:3)
  A quokka (D:3)
  3 frilled lizards
  4 rats
76 creatures vanquished.

Notes
Turn   | Place    | Note
-------+----------+-------------------------------------------
     0 | D:1      | styxcanada the Spriggan Brigand began the quest for the
                  | Orb.
     0 | D:1      | Reached XP level 1. HP: 10/10 MP: 2/2
    34 | D:1      | Reached skill level 6 in Stealth
   151 | D:1      | Reached XP level 2. HP: 15/15 MP: 3/3
   474 | D:1      | Found a faded altar of an unknown god.
  2034 | D:2      | Reached XP level 3. HP: 18/18 MP: 4/4
  2087 | D:2      | Reached skill level 7 in Stealth
  2111 | D:2      | Found Archue Quaz's Assorted Antiques.
  2998 | D:3      | Reached XP level 4. HP: 15/23 MP: 5/5
  3069 | D:3      | Reached XP level 5. HP: 16/26 MP: 6/6
  3238 | D:3      | Found a glowing golden altar of the Shining One.
  3387 | D:2      | Bought 2 scrolls labelled FAOWUXT OZUCA for 36 gold pieces
  3387 | D:2      | Bought a smoky sapphire potion for 16 gold pieces
  3387 | D:2      | Bought a scroll labelled ZAUDUN BEMITE for 18 gold pieces
  3387 | D:2      | Bought a scroll labelled MALEEJ AHENED for 18 gold pieces
  3387 | D:2      | Bought a sedimented pink potion for 16 gold pieces
  3540 | D:3      | Reached skill level 8 in Stealth
  3549 | D:3      | Found Divu's Antique Weapon Shoppe.
  3995 | D:3      | Found a faded altar of an unknown god.
  3995 | D:3      | Found a sacrificial altar of Ru.
  4000 | D:3      | Found a glowing silver altar of Zin.
  4002 | D:3      | Found a shadowy altar of Dithmenos.
  4003 | D:3      | Found a faded altar of an unknown god.
  4242 | D:4      | Noticed an ogre
  4247 | D:4      | Killed an ogre
  4248 | D:4      | Found a burning altar of Makhleb.
  4332 | D:4      | Found a staircase to the Ecumenical Temple.
  4341 | Temple   | Entered the Ecumenical Temple
  4390 | Temple   | Became a worshipper of Gozag Ym Sagoz the Greedy
  4444 | D:4      | Reached XP level 6. HP: 27/31 MP: 7/7
  4467 | D:4      | Noticed Edmund
  4767 | D:4      | Found an ornate altar of the Wu Jian Council.
  4779 | D:4      | Hit by a stone thrown by Edmund

Illustrated notes

Levels and vault maps discovered:
D:1:      erik_arrival_cave_to_civilisation [erik_arrival_cave_to_hall],
          layout_loops_ring, hellmonk_ecumenical_altar_dog_temple
D:2:      layout_rooms, serial_shops, shop
D:3:      layout_loops_ring, lemuel_coloured_pillars_altar,
          chequers_temple_overflow_minitemple, serial_shops, shop
D:4:      layout_rooms, nicolae_wu_jian_wuxing_cycle, amcnicky_altar_gilded,
          minmay_temple_entry_wispy, serial_shops, shop, nrook_mini_backslash,
          uniq_edmund
Temple:   eino_temple_scatter_basement

Skill      XL: |  1  2  3  4  5 |
---------------+----------------+-----
Stealth        | 6 7 8 |  8.8
Dodging        | 2 3 |  3.9
Fighting       | 2 |  2.5
Short Blades   | 3 |  3.3
Throwing       | 3 |  3.2

Action                   |  1- 3 |  4- 6 || total
-------------------------+-------+-------++-------
Melee: Dagger            |   145 |   132 ||   277
Throw: Dart              |    25 |    28 ||    53
       Stone             |       |     3 ||     3
  Use: Scroll            |       |     9 ||     9
 Stab: Sleeping          |    10 |     6 ||    16
       Distracted        |       |     2 ||     2
Armor: Robe              |    16 |    15 ||    31
Dodge: Dodged            |   117 |    78 ||   195
